ORI
CALIFORNIA STATE UNIVERSITY AT FULLERTON TITANS @ OREGON STATE UNIVERSITY BEAVERS
08/15/2047
 
TOP OF THE 1ST
California State University at Fullerton Titans batting - Pitching for Oregon State University Beavers : RHP Rimbo Zhu
Pitching: RHP Rimbo Zhu
Batting: LHB Edwin Esparza 0-0: Foul Ball, location: 2F
0-1: Swinging Strike
0-2: Foul Ball, location: 2F
0-2: Foul Ball, location: 2F
0-2: Foul Ball, location: 2F
0-2: Foul Ball, location: 2F
0-2: Foul Ball, location: 2F
0-2: Foul Ball, location: 2F
0-2: Ball
1-2: Ball
2-2: Ball
3-2: SINGLE (Groundball, 23, EV 79.4 MPH) (infield hit)
Batting: RHB Zach Warwick 0-0: Ball
1-0: SINGLE (Groundball, 4MD, EV 95.6 MPH)
Edwin Esparza to second
Batting: LHB Jim Snell 0-0: Called Strike
0-1: Ball
1-1: Fielders Choice at 2nd, 6-4 (Groundball, 6, EV 81.2 MPH)
Edwin Esparza to third
Batting: LHB Mike Fernandez 0-0: Called Strike
Jim Snell steals 2nd base (no throw)
0-1: Ball
1-1: Foul Ball, location: 2F
1-2: Ball
2-2: Ball
3-2: Foul Ball, location: 2F
3-2: Strikes out looking
Batting: RHB Simon Sultzbach 0-0: Ball
1-0: Ball
2-0: Foul Ball, location: 2F
2-1: Fly out, F7 (Flyball, 7D, EV 88.8 MPH)
Top of the 1st over - 0 runs, 2 hits, 0 errors, 2 left on base; California State University at Fullerton 0 - Oregon State University 0
BOTTOM OF THE 1ST
Oregon State University Beavers batting - Pitching for California State University at Fullerton Titans : RHP Jordan Vasquez
Pitching: RHP Jordan Vasquez
Batting: RHB Martin Darrington 0-0: Ball
1-0: Fly out, F9 (Flyball, 9S, EV 90.6 MPH)
Batting: RHB Willie Lopez 0-0: SINGLE (Line Drive, 4M, EV 98.8 MPH)
Batting: RHB Luis Flores 0-0: Called Strike
0-1: Ball
Willie Lopez steals 2nd base
1-1: Foul Ball, location: 2F
1-2: Ball
2-2: Ball
3-2: Foul Ball, location: 2F
3-2: Base on Balls
Batting: LHB Abdul-Hakim Jibril 0-0: Called Strike
0-1: Ball
1-1: Called Strike
Willie Lopez steals 3rd base
1-2: Ball
2-2: Fielders Choice at 2nd, 4-6 (Groundball, 4, EV 82.5 MPH)
Willie Lopez scores
Batting: RHB Steve Webb 0-0: Called Strike
0-1: Ball
1-1: Fielders Choice at 2nd, 5-4 (Groundball, 56, EV 85.0 MPH)
Bottom of the 1st over - 1 run, 1 hit, 0 errors, 1 left on base; California State University at Fullerton 0 - Oregon State University 1
TOP OF THE 2ND
California State University at Fullerton Titans batting - Pitching for Oregon State University Beavers : RHP Rimbo Zhu
Batting: RHB Jamie Blankenship 0-0: Ball
1-0: Ball
2-0: Called Strike
2-1: Ground out U3 (Groundball, 34, EV 106.2 MPH)
Batting: SHB Jonathan Jacob 0-0: Swinging Strike
0-1: Foul Ball, location: 2F
0-2: Ball
1-2: Foul Ball, location: 2F
1-2: Strikes out looking
Batting: SHB Jason Pugh 0-0: Called Strike
0-1: Foul Ball, location: 2F
0-2: Ball
1-2: Strikes out swinging
Top of the 2nd over - 0 runs, 0 hits, 0 errors, 0 left on base; California State University at Fullerton 0 - Oregon State University 1
BOTTOM OF THE 2ND
Oregon State University Beavers batting - Pitching for California State University at Fullerton Titans : RHP Jordan Vasquez
Batting: LHB Sun-wei Kuai 0-0: Swinging Strike
0-1: Ball
1-1: Foul Ball, location: 2F
1-2: Hit by Pitch
Batting: RHB Oscar Munoz 0-0: Called Strike
Sun-wei Kuai is caught stealing 2nd base 2-4
0-1: Ball
1-1: Ball
2-1: Foul Ball, location: 2F
2-2: Strikes out swinging
Batting: RHB Yasuyuki Moriyama 0-0: Called Strike
0-1: Foul Ball, location: 2F
0-2: Strikes out looking
Bottom of the 2nd over - 0 runs, 0 hits, 0 errors, 0 left on base; California State University at Fullerton 0 - Oregon State University 1
TOP OF THE 3RD
California State University at Fullerton Titans batting - Pitching for Oregon State University Beavers : RHP Rimbo Zhu
Batting: RHB Sergio Cervantes 0-0: Called Strike
0-1: Ball
1-1: Ball
2-1: SINGLE (Groundball, 34D, EV 97.5 MPH)
Batting: LHB Edwin Esparza 0-0: Called Strike
0-1: Swinging Strike
0-2: Ball
1-2: Strikes out swinging
Batting: RHB Zach Warwick 0-0: Ball
1-0: Ball
2-0: Grounds into double play, 6-4-3 (Groundball, 6, EV 103.8 MPH)
Top of the 3rd over - 0 runs, 1 hit, 0 errors, 0 left on base; California State University at Fullerton 0 - Oregon State University 1
BOTTOM OF THE 3RD
Oregon State University Beavers batting - Pitching for California State University at Fullerton Titans : RHP Jordan Vasquez
Batting: SHB Sosaia Apelahama 0-0: Ground out 4-3 (Groundball, 34D, EV 106.9 MPH)
Batting: RHB Martin Darrington 0-0: Ball
1-0: Foul Ball, location: 2F
1-1: Swinging Strike
1-2: Ball
2-2: Ball
3-2: Foul Ball, location: 2F
3-2: Strikes out swinging
Batting: RHB Willie Lopez 0-0: Fly out, F7 (Flyball, 7, EV 92.5 MPH)
Bottom of the 3rd over - 0 runs, 0 hits, 0 errors, 0 left on base; California State University at Fullerton 0 - Oregon State University 1
TOP OF THE 4TH
California State University at Fullerton Titans batting - Pitching for Oregon State University Beavers : RHP Rimbo Zhu
Batting: LHB Jim Snell 0-0: Ball
1-0: Ball
2-0: Ball
3-0: SINGLE (Line Drive, 3D, EV 97.5 MPH)
Batting: LHB Mike Fernandez 0-0: Ball
Jim Snell steals 2nd base
1-0: Foul Ball, location: 2F
1-1: Ball
2-1: Swinging Strike
2-2: Foul Ball, location: 2F
2-2: Fly out, F8 (Flyball, 8RM, EV 91.2 MPH)
Batting: RHB Simon Sultzbach 0-0: Called Strike
0-1: Ball
1-1: Foul Ball, location: 2F
1-2: Foul Ball, location: 2F
1-2: Strikes out looking
Batting: RHB Jamie Blankenship 0-0: Called Strike
0-1: Ground out 4-3 (Groundball, 4, EV 103.1 MPH)
Top of the 4th over - 0 runs, 1 hit, 0 errors, 1 left on base; California State University at Fullerton 0 - Oregon State University 1
BOTTOM OF THE 4TH
Oregon State University Beavers batting - Pitching for California State University at Fullerton Titans : RHP Jordan Vasquez
Batting: RHB Luis Flores 0-0: Ball
1-0: Foul Ball, location: 2F
1-1: Ball
2-1: Foul Ball, location: 2F
2-2: Foul Ball, location: 2F
2-2: Ball
3-2: SINGLE (Flyball, 34D, EV 91.9 MPH)
Batting: LHB Abdul-Hakim Jibril 0-0: Ball
1-0: Ball
2-0: Ball
3-0: Base on Balls
Luis Flores to second
Batting: RHB Steve Webb 0-0: Ball
1-0: Reached on error, E6 (Groundball, 6, EV 95.0 MPH)
Luis Flores to third
Abdul-Hakim Jibril to second
Batting: LHB Sun-wei Kuai 0-0: Swinging Strike
0-1: Ball
1-1: Ball
2-1: Called Strike
2-2: Foul Ball, location: 2F
2-2: Foul Ball, location: 2F
2-2: Ball
3-2: Strikes out swinging
Batting: RHB Oscar Munoz 0-0: Ball
1-0: Foul Ball, location: 2F
1-1: Ball
2-1: Foul Ball, location: 2F
2-2: Grounds into fielders choice 5-2 (Groundball, 5, EV 102.5 MPH)
Abdul-Hakim Jibril to third
Steve Webb to second
Batting: RHB Yasuyuki Moriyama 0-0: Ground out 1-3 (Groundball, 34S, EV 68.8 MPH)
Bottom of the 4th over - 0 runs, 1 hit, 1 error, 3 left on base; California State University at Fullerton 0 - Oregon State University 1
TOP OF THE 5TH
California State University at Fullerton Titans batting - Pitching for Oregon State University Beavers : RHP Rimbo Zhu
Pitching: RHP Francisco Aguirre
Now at C: Dave Crum
Now at 2B: Chris Gartner
Now in LF: Pablo Fraga
Now in RF: Jon Hamilton
Pinch Hitting: LHB B.J. Ferguson 0-0: Ball
1-0: Foul Ball, location: 2F
1-1: Called Strike
1-2: Strikes out swinging
Batting: SHB Jason Pugh 0-0: Swinging Strike
0-1: Swinging Strike
0-2: Ball
1-2: Ball
2-2: Strikes out swinging
Pinch Hitting: LHB Steve Lane 0-0: Ball
1-0: Ball
2-0: Called Strike
2-1: Ball
3-1: Foul Ball, location: 2F
3-2: Fly out, F8 (Flyball, 8RS, EV 78.8 MPH)
Top of the 5th over - 0 runs, 0 hits, 0 errors, 0 left on base; California State University at Fullerton 0 - Oregon State University 1
BOTTOM OF THE 5TH
Oregon State University Beavers batting - Pitching for California State University at Fullerton Titans : RHP Jordan Vasquez
Pitching: RHP Patrick Wilcox
Now at C: Jim Cahan
Now at 1B: Steve Lane
Now at 3B: Nick Pothier
Now at SS: Jeremy Evans
Now in CF: Alex Freyre
Now in RF: Joe McKinzie
Batting: SHB Sosaia Apelahama 0-0: Called Strike
0-1: Called Strike
0-2: SINGLE (Line Drive, 78S, EV 111.9 MPH)
Batting: RHB Martin Darrington 0-0: Ball
1-0: Foul Ball, location: 2F
1-1: Fly out, F7 (Flyball, 7D, EV 104.4 MPH)
Pinch Hitting: SHB Eric Robertson 0-0: Ball
1-0: Ball
2-0: Ball
3-0: Called Strike
3-1: Base on Balls
Sosaia Apelahama to second
Pinch Hitting: RHB Kyle McCunn 0-0: Fly out, F8 (Flyball, 78S, EV 80.0 MPH)
Batting: LHB Pablo Fraga 0-0: Called Strike
0-1: Ball
1-1: Fielders Choice at 2nd, 5-4 (Groundball, 56, EV 105.0 MPH)
Bottom of the 5th over - 0 runs, 1 hit, 0 errors, 2 left on base; California State University at Fullerton 0 - Oregon State University 1
TOP OF THE 6TH
California State University at Fullerton Titans batting - Pitching for Oregon State University Beavers : RHP Francisco Aguirre
Now at 1B: Kyle McCunn
Now at 3B: Rafael Ventura
Now in CF: Brock Darby
Batting: LHB Alberto Aguilar 0-0: Ball
1-0: Called Strike
1-1: Fly out, F3 (Line Drive, 3, EV 61.2 MPH)
Pinch Hitting: RHB Felipe Lara 0-0: Called Strike
0-1: Ball
1-1: Ball
2-1: Ball
3-1: Called Strike
3-2: Strikes out looking
Batting: RHB Joe McKinzie 0-0: Ball
1-0: Swinging Strike
1-1: Called Strike
1-2: Strikes out swinging
Top of the 6th over - 0 runs, 0 hits, 0 errors, 0 left on base; California State University at Fullerton 0 - Oregon State University 1
BOTTOM OF THE 6TH
Oregon State University Beavers batting - Pitching for California State University at Fullerton Titans : RHP Patrick Wilcox
Now at 2B: Felipe Lara
Batting: LHB Jason Trevarrow 0-0: Called Strike
0-1: Ball
1-1: Called Strike
1-2: Strikes out swinging
Batting: LHB Jon Hamilton 0-0: Called Strike
0-1: Ground out 4-3 (Groundball, 4S, EV 89.4 MPH)
Batting: SHB Chris Gartner 0-0: Called Strike
0-1: Ball
1-1: Ball
2-1: Swinging Strike
2-2: Strikes out swinging
Bottom of the 6th over - 0 runs, 0 hits, 0 errors, 0 left on base; California State University at Fullerton 0 - Oregon State University 1
TOP OF THE 7TH
California State University at Fullerton Titans batting - Pitching for Oregon State University Beavers : RHP Francisco Aguirre
Pitching: LHP Roberto Vazquez
Batting: RHB Alex Freyre 0-0: Called Strike
0-1: Ground out U3 (Groundball, 34, EV 86.2 MPH)
Batting: RHB Nick Pothier 0-0: Called Strike
0-1: Fly out, F9 (Flyball, 9D, EV 105.6 MPH)
Pinch Hitting: LHB Efrain Gonzalez 0-0: Ball
1-0: Called Strike
1-1: Swinging Strike
1-2: Hit by Pitch
Batting: RHB Jeremy Evans 0-0: Fly out, F8 (Flyball, 8RD, EV 88.8 MPH)
Top of the 7th over - 0 runs, 0 hits, 0 errors, 1 left on base; California State University at Fullerton 0 - Oregon State University 1
BOTTOM OF THE 7TH
Oregon State University Beavers batting - Pitching for California State University at Fullerton Titans : RHP Patrick Wilcox
Pitching: RHP Julio Moreno
Now in LF: Efrain Gonzalez
Batting: RHB Dave Crum 0-0: Foul Ball, location: 2F
0-1: Ball
1-1: Ball
2-1: Called Strike
2-2: Ball
3-2: Foul Ball, location: 2F
3-2: Strikes out swinging
Batting: SHB Sosaia Apelahama 0-0: Called Strike
0-1: Ground out 4-3 (Groundball, 34, EV 108.8 MPH)
Batting: LHB Brock Darby 0-0: Ground out 3-1 (Groundball, 34D, EV 101.2 MPH)
Bottom of the 7th over - 0 runs, 0 hits, 0 errors, 0 left on base; California State University at Fullerton 0 - Oregon State University 1
TOP OF THE 8TH
California State University at Fullerton Titans batting - Pitching for Oregon State University Beavers : LHP Roberto Vazquez
Pitching: RHP Paulo Brtolo
Batting: RHB Jim Cahan 0-0: Called Strike
0-1: Called Strike
0-2: Ball
1-2: Strikes out looking
Batting: LHB Steve Lane 0-0: Ball
1-0: Called Strike
1-1: Swinging Strike
1-2: Foul Ball, location: 2F
1-2: Strikes out swinging
Batting: LHB Alberto Aguilar 0-0: Foul Ball, location: 2F
0-1: Ball
1-1: Ball
2-1: Swinging Strike
2-2: Foul Ball, location: 2F
2-2: Foul Ball, location: 2F
2-2: Strikes out swinging
Top of the 8th over - 0 runs, 0 hits, 0 errors, 0 left on base; California State University at Fullerton 0 - Oregon State University 1
BOTTOM OF THE 8TH
Oregon State University Beavers batting - Pitching for California State University at Fullerton Titans : RHP Julio Moreno
Pitching: RHP T.J. Keenan
Batting: RHB Rafael Ventura 0-0: Swinging Strike
0-1: Ball
1-1: Called Strike
1-2: Strikes out swinging
Batting: RHB Kyle McCunn 0-0: Called Strike
0-1: Ball
1-1: Called Strike
1-2: Strikes out swinging
Batting: LHB Pablo Fraga 0-0: Called Strike
0-1: Foul Ball, location: 2F
0-2: Ball
1-2: Strikes out swinging
Bottom of the 8th over - 0 runs, 0 hits, 0 errors, 0 left on base; California State University at Fullerton 0 - Oregon State University 1
TOP OF THE 9TH
California State University at Fullerton Titans batting - Pitching for Oregon State University Beavers : RHP Paulo Brtolo
Pitching: RHP Zachary Whilden
Pinch Hitting: LHB John Blumberg 0-0: Foul Ball, location: 2F
0-1: Ball
1-1: Ball
2-1: Ball
3-1: Foul Ball, location: 2F
3-2: Strikes out looking
Batting: RHB Joe McKinzie 0-0: Called Strike
0-1: Ball
1-1: Ball
2-1: Ball
3-1: Fly out, F9 (Flyball, 9, EV 90.0 MPH)
Pinch Hitting: LHB Sean Jacobs 0-0: Swinging Strike
0-1: Swinging Strike
0-2: Ball
1-2: Ball
2-2: Strikes out looking
Top of the 9th over - 0 runs, 0 hits, 0 errors, 0 left on base; California State University at Fullerton 0 - Oregon State University 1
Thursday, December 15th , 2022 - OOTP Baseball 23.9 Build 102